 Dungeon Crawl Stone Soup version 0.26.1-11-gd32895ea62 (webtiles) character file.

Game seed: 14662357193721147999

483 Zeld the Twirler (level 7, 0/45 HPs)
             Began as an Octopode Gladiator on May 22, 2021.
             Killed by divine providence
             ... invoked by an orc priest
              (16 damage)
             ... on level 4 of the Dungeon.
             The game lasted 00:04:26 (5185 turns).

Zeld the Twirler (Octopode Gladiator)               Turns: 5185, Time: 00:04:27

Health: 0/45       AC:  1    Str: 16    XL:     7   Next: 12%
Magic:  7/7        EV: 14    Int: 10    God:
Gold:   184        SH:  0    Dex: 13    Spells: 6/6 levels left

rFire    . . .     SeeInvis .   a - +0 quarterstaff
rCold    . . .     Faith    .   (shield currently unavailable)
rNeg     . . .     Spirit   .   b - +0 hat
rPois    .         Reflect  .   (no amulet)
rElec    .         Harm     .   p - ring of resist corrosion
rCorr    +         Rampage  .   (no ring)
Will     .....                  (no ring)
Stlth    ++........             (no ring)
HPRegen  0.15/turn              (no ring)
MPRegen  0.10/turn              (no ring)
                                (no ring)
                                (no ring)

@: no status effects
A: almost no armour, stealthy swim, amphibious, 8 rings, constrict 8, camouflage
1, gelatinous body 1
a: no special abilities


You were on level 4 of the Dungeon.
You visited 1 branch of the dungeon, and saw 4 of its levels.

You collected 184 gold pieces.

Inventory:

Hand Weapons
 a - a +0 quarterstaff (weapon)
Missiles
 c - 3 throwing nets (quivered)
 h - 11 boomerangs
 o - 5 atropa-tipped darts
Armour
 b - a +0 hat (worn)
Jewellery
 p - a ring of resist corrosion (left tentacle)
Wands
 e - a wand of polymorph (3)
Scrolls
 d - a scroll of remove curse
 k - a scroll of magic mapping
 n - a scroll of blinking
 r - a scroll of enchant weapon {unknown}
 s - a scroll of random uselessness {unknown}
Potions
 f - a potion of cancellation {unknown}
 g - a potion of haste {unknown}
 i - a potion of curing {unknown}
 j - a potion of magic {unknown}
 l - 2 potions of heal wounds {unknown}
 m - a potion of lignification {unknown}
 q - a potion of degeneration {unknown}
 t - 2 potions of brilliance {unknown}


   Skills:
 - Level 2.1 Fighting
 * Level 7.7 Staves
 - Level 2.0 Throwing
 - Level 3.2 Dodging
 - Level 0.1 Stealth


You had 6 spell levels left.
You didn't know any spells.
Your spell library contained the following spells:

 Spells                   Type           Power        Failure   Level
 Corpse Rot               Necr/Air       N/A          50%         2
 Stone Arrow              Conj/Erth      0%           75%         3
 Summon Forest            Summ/Tloc      0%           100%        5
 Eringya's Noxious Bog    Tmut/Pois      0%           100%        6
 Hydra Form               Tmut           0%           100%        6
 Summon Hydra             Summ           0%           100%        7


Dungeon Overview and Level Annotations

Branches:
Dungeon (4/15)
 Temple: D:4-7

Altars:


Innate Abilities, Weirdness & Mutations

You cannot wear most types of armour.
You are very stealthy in the water. (Stealth+)
You are amphibious.
You can wear up to eight rings at the same time.
You can use your tentacles to constrict eight enemies at once.
Your skin changes colour to match your surroundings (Stealth+).
Your rubbery body absorbs attacks. (AC +1, EV +1)


Message History

You hear some strange, mumbled words.
Something tries to affect you, but you resist.
The orc priest looks satisfied for a moment.
The orc priest barely misses you. The quokka bites you. Something hits you.
The quokka closely misses you.
You barely miss the quokka. You squeeze the quokka.
You kill the quokka!
Something hits you. The orc wizard casts a spell at you.
The magic dart hits you!
The orc priest looks encouraged for a moment.
You barely miss something. Your squeeze misses something. Something hits you.
The orc wizard points at you and mumbles some strange words.
The magic dart hits you! The orc priest closely misses you.
You miss something.
You feel less confused. Something barely misses you.
The orc wizard barely misses you.
The orc priest invokes the aid of Beogh against you.
Beogh smites you!
You die...

..#............# #..
.#...###.###.#.# ...
#...###.o..)..###.# #
..................# .#
....#########...#.#...
......................#
.......................
....#...##'##.†oo.....#
...#...#...#..@.......
.........#.8.#..##..#..#
.....#.#.#...#..##..#.>.
....#...##'##.<....(....
#+#............>##.#.... ..
.......####.#.#.##.#...#...
.......# #.#...##.#...#..
.......####...............
......<.......#.##.#...#


You could see an orc priest and an orc wizard.

Vanquished Creatures
  Sigmund (D:3)
  An ogre (D:4)
  Jessica (D:3)
  2 orc wizards (D:3)
  6 adders
  3 oozes
  3 worms (D:3)
  3 dart slugs
  3 leopard geckos
  17 orcs
  4 giant cockroaches
  7 hobgoblins
  2 quokkas
  9 bats
  3 frilled lizards
  3 goblins
  5 kobolds
  A quokka skeleton (D:4)
  6 rats
80 creatures vanquished.

Notes
Turn   | Place    | Note
-------+----------+-------------------------------------------
     0 | D:1      | Zeld the Octopode Gladiator began the quest for the Orb.
     0 | D:1      | Reached XP level 1. HP: 14/14 MP: 1/1
   233 | D:1      | Reached XP level 2. HP: 15/19 MP: 2/2
  1119 | D:2      | Reached XP level 3. HP: 22/24 MP: 3/3
  1187 | D:2      | Reached skill level 4 in Staves
  1485 | D:2      | Reached XP level 4. HP: 29/29 MP: 4/4
  2655 | D:3      | Reached skill level 5 in Staves
  2721 | D:3      | Noticed Jessica
  2733 | D:3      | Reached XP level 5. HP: 27/34 MP: 5/5
  2749 | D:3      | Killed Jessica
  2855 | D:3      | Noticed Sigmund
  3078 | D:2      | Reached skill level 6 in Staves
  3638 | D:3      | Killed Sigmund
  3639 | D:3      | Reached skill level 7 in Staves
  3639 | D:3      | Reached XP level 6. HP: 37/39 MP: 6/6
  4139 | D:4      | Reached XP level 7. HP: 12/45 MP: 7/7
  5185 | D:4      | Killed from afar by an orc priest

Illustrated notes

Levels and vault maps discovered:
D:1:      eino_arrival_cavern_e, layout_basic
D:2:      layout_loops_ring
D:3:      layout_rooms, uniq_jessica, uniq_sigmund
D:4:      lemuel_upstairs_altar, layout_basic, minmay_misc_feat_room

Skill      XL: |  1  2  3  4  5 |
---------------+----------------+-----
Staves         | 4 5 7 |  7.7
Fighting       | |  2.1
Throwing       | |  2.0
Dodging        | |  3.2
Stealth        | |  0.1

Action                   |  1- 3 |  4- 6 |  7- 9 || total
-------------------------+-------+-------+-------++-------
Melee: Quarterstaff      |    54 |    93 |    11 ||   158
       Constrict         |    12 |    22 |     3 ||    37
       Tentacles         |     4 |    15 |     6 ||    25
Evoke: Wand              |       |       |     3 ||     3
  Use: Scroll            |       |     5 |       ||     5
 Stab: Sleeping          |    10 |     9 |       ||    19
       Distracted        |     1 |       |       ||     1
Armor: Skin              |     3 |     3 |       ||     6
Dodge: Dodged            |    30 |    48 |     6 ||    84
